 Dungeon Crawl Stone Soup version 0.24.0-13-gcf9b319 (webtiles) character file.

Game seed: 282395365825118918, levelgen mode: deterministic

25679 sweetbreads the Geomancer (level 13, -4/76 HPs)
             Began as a Gargoyle Earth Elementalist on Apr 22, 2020.
             Was a High Priest of Vehumet.
             Killed from afar by Josephine (8 damage)
             ... with a ghostly fireball
             ... on level 5 of the Lair of Beasts on Apr 23, 2020.
             The game lasted 01:07:04 (16234 turns).

sweetbreads the Geomancer (GrEE)                   Turns: 16234, Time: 01:07:06

Health: -4/76      AC: 18    Str: 13    XL:     13   Next: 21%
Magic:  15/28      EV: 11    Int: 22    God:    Vehumet [*****.]
Gold:   586        SH:  3    Dex: 10    Spells: 19/35 levels left

rFire    . . .     SeeInvis .   a - +5 flail (drain)
rCold    + . .     Gourm    .   (no shield)
rNeg     + . .     Faith    .   H - +1 robe {rC+}
rPois    ∞         Spirit   .   N - +0 helmet
rElec    +         Reflect  +   f - +0 cloak
rCorr    .         Harm     .   u - +0 pair of gloves
MR       .....                  G - +2 pair of boots
Stlth    ++........             F - +3 amulet of reflection
HPRegen  0.22/turn              z - ring of wizardry
MPRegen  0.21/turn              E - +2 ring of intelligence

@: slowed, lightly drained, very slow
A: negative energy resistance 1, electricity resistance, unbreathing,
petrification resistance, rot immunity, AC +9
a: Renounce Religion


You were on level 5 of the Lair of Beasts.
You worshipped Vehumet.
Vehumet was extremely pleased with you.
You were not hungry.

You visited 3 branches of the dungeon, and saw 17 of its levels.

You collected 874 gold pieces.
You spent 288 gold pieces at shops.

Inventory:

Hand Weapons
 a - a +5 flail of draining (weapon)
 b - a +5 morningstar
 D - a +0 quarterstaff of freezing
 L - a cursed +0 mace
 P - a +0 whip of holy wrath
 T - a +0 dire flail
Missiles
 I - 289 stones (quivered)
Armour
 c - a +0 robe
 f - a +0 cloak (worn)
 u - a +0 pair of gloves (worn)
 G - a +2 pair of boots (worn)
 H - a +1 robe of cold resistance (worn)
 M - a cursed +0 buckler
 N - a +0 helmet (worn)
Jewellery
 n - an uncursed amulet of regeneration
 y - a +2 ring of slaying {unknown}
 z - a ring of wizardry (left hand)
 C - an uncursed ring of ice
 E - a +2 ring of intelligence (right hand)
 F - a +3 amulet of reflection (around neck)
 O - an uncursed ring of flight
Wands
 o - a wand of iceblast (13)
 R - a wand of disintegration (20)
 U - a wand of paralysis (9)
Scrolls
 e - 9 scrolls of remove curse
 k - 3 scrolls of identify
 m - 7 scrolls of teleportation
 p - 2 scrolls of fog
 v - a scroll of magic mapping
 w - 5 scrolls of enchant weapon
 K - a scroll of enchant armour
 X - a scroll of vulnerability {unknown}
 Z - 2 scrolls of brand weapon {unknown}
Potions
 g - 2 potions of brilliance {unknown}
 h - 2 potions of degeneration {unknown}
 i - 9 potions of curing
 j - 3 potions of invisibility
 l - 3 potions of heal wounds {unknown}
 q - 2 potions of agility {unknown}
 r - 2 potions of flight {unknown}
 s - a potion of cancellation {unknown}
 t - 2 potions of haste
 x - 3 potions of magic
 A - a potion of mutation {unknown}
 B - a potion of might {unknown}
 J - a potion of lignification {unknown}
Comestibles
 d - 40 rations


   Skills:
 + Level 7.2(6.6) Fighting
 + Level 4.4(3.9) Maces & Flails
 - Level 1.5(1.0) Dodging
 - Level 2.1(1.6) Stealth
 + Level 11.7(11.1) Spellcasting
 - Level 6.7(6.1) Conjurations
   Level 0.7(0.2) Transmutations
 - Level 6.0(5.4) Fire Magic
 + Level 14.8(14.1) Earth Magic
 - Level 4.0(3.4) Evocations


You had 19 spell levels left.
You knew the following spells:

 Your Spells              Type           Power        Failure   Level  Hunger
a - Sandblast             Erth           ######       0%          1    None
b - Stone Arrow           Conj/Erth      ######       1%          3    None
c - Lee's Rapid Deconstr  Erth           ######....   1%          5    ####...
d - Throw Flame           Conj/Fire      #####.       1%          2    None
e - Fireball              Conj/Fire      #####.....   1%          5    ####...

Your spell library contained the following spells:

 Spells                   Type           Power        Failure   Level  Hunger
 Olgreb's Toxic Radiance  Pois           ##......     6%          4    #......
 Magic Dart               Conj           ####         1%          1    None
 Passwall                 Tmut/Erth      #####...     1%          2    None
 Searing Ray              Conj           #####.       1%          2    None
 Dazzling Spray           Conj/Hex       ####..       1%          3    None
 Inner Flame              Hex/Fire       ###.....     1%          3    None
 Force Lance              Conj/Tloc      ####....     1%          4    #......
 Fulminant Prism          Conj/Hex       ####......   1%          4    #......
 Iskenderun's Mystic Bla  Conj           #####...     1%          4    #......
 Leda's Liquefaction      Hex/Erth       #####.....   1%          4    #......
 Petrify                  Tmut/Erth      #####...     1%          4    #......
 Corona                   Hex            ##.....      2%          1    None
 Slow                     Hex            ##......     3%          2    None
 Portal Projectile        Hex/Tloc       ##....       6%          3    None
 Cause Fear               Hex            ##........   21%         4    #......


Dungeon Overview and Level Annotations

Branches:
Dungeon (11/15)            Temple (1/1) D:5            Lair (5/6) D:10
  Swamp (0/4) Lair:3       Spider (0/4) Lair:2
  Slime: Lair:5-6       Orc: D:9-12

Altars:
Ashenzari
Cheibriados
Dithmenos
Elyvilon
Fedhas
Gozag
Hepliaklqana
Kikubaaqudgha
Makhleb
Nemelex Xobeh
Okawaru
Qazlal
Ru
Sif Muna
Trog
Uskayaw
Vehumet
Wu Jian
Xom
Yredelemnul
Zin
The Shining One

Shops:
D:4 [   D:9 !

Annotations:
D:7 3 runed translucent doors, Southernist's ghost, novice HuMo
D:8 3 runed translucent doors, Bronimir's ghost, novice DEFE
Lair:1 2 runed translucent doors, Bronimir's ghost, journeyman GnSk
Lair:3 exclusion: 3 oklob plants
Lair:5 Josephine


Innate Abilities, Weirdness & Mutations

You are resistant to torment.
Your stone body is resilient. (AC +9)
You are immune to poison.
You resist negative energy. (rN+)
You are resistant to electric shocks. (rElec)
You can survive without breathing.
You are immune to petrification.
You are immune to rotting.


Message History

The blast of sand hits the wraith.
The wraith is severely damaged.
I - 289 stones Josephine gestures at you while chanting.
The ghostly flame explodes!
The ghostly fireball engulfs the wraith.
The wraith completely resists.
The ghostly fireball engulfs you! You partially resist.
You feel drained.
* * * LOW HITPOINT WARNING * * *
A wraith comes into view.
The wraith hits you.
* * * LOW HITPOINT WARNING * * *
The wraith drains your vigour!
You feel as though you will be slow longer.
Josephine points at you and mumbles some strange words.
The ghostly flame explodes!
The ghostly fireball engulfs the wraith.
The wraith completely resists.
The ghostly fireball engulfs you! You partially resist.
You feel drained.
You die...

...≈≈≈≈≈≈............###.# ###..
...≈≈≈≈≈≈...........## ### #...
...≈≈≈≈≈≈...........# ### ##..
....................#####.####...
...P....#.....#.#...#.#.....#....
..P.....###..#..P................
###....##.##.....................
#..............................
##..........P#@...PP.........<.
...#...........W#P..##...........
...............#..............#P.
..#...#...#..@##.................
.#.P...?....P.##..............#..
.......P....W....................
........%...†....................
.................................
.......%%......@..............##.


You could see Josephine and 2 wraiths.

Vanquished Creatures
  Fannar (Lair:2)
  3 hydras
  Erica (Lair:1)
  2 two-headed ogres
  A queen ant (Lair:2)
  An orb spider (Lair:2)
  A black mamba (Lair:4)
  A centaur zombie (D:10)
  10 spiny frogs
  A gargoyle (D:9)
  3 komodo dragons
  A rime drake (Lair:5)
  2 tyrant leeches (Lair:3)
  A troll (D:10)
  Prince Ribbit (D:6)
  A hornet (D:8)
  13 blink frogs
  5 hippogriffs
  6 yaks (D:10)
  2 wraiths
  A basilisk (Lair:3)
  Grum (D:8)
  Edmund (D:6)
  9 water moccasins
  5 soldier ants (Lair:2)
  15 porcupines
  3 ice beasts
  5 orc warriors
  2 phantoms
  7 ogres
  4 sky beasts
  10 wolves
  2 centaurs
  8 crocodiles
  7 bullfrogs
  A wyvern skeleton (D:9)
  A wyvern zombie (D:9)
  3 scorpions
  8 wights
  6 killer bees (D:9)
  A howler monkey (D:8)
  6 crimson imps
  A bullfrog zombie (D:7)
  3 hounds
  2 bullfrog skeletons
  3 orc priests
  9 orc wizards
  Crazy Yiuf (D:6)
  14 worker ants
  11 hell rats
  An iguana (D:10)
  A hound zombie (D:7)
  2 hound skeletons
  8 gnolls
  9 adders
  A shadow imp (D:5)
  An ooze (D:5)
  2 worms
  3 dart slugs
  5 leopard geckos
  40 orcs
  10 bats
  5 bat zombies
  7 giant cockroaches
  5 goblins
  6 hobgoblins
  6 jackals (D:2)
  3 quokkas
  A ball python (D:5)
  3 frilled lizards
  6 kobolds
  A quokka zombie (D:1)
  5 rats
  2 rat zombies (D:4)
  A plant (D:10)
341 creatures vanquished.

Notes
Turn   | Place    | Note
-------+----------+-------------------------------------------
     0 | D:1      | sweetbreads the Gargoyle Earth Elementalist began the quest
                  | for the Orb.
     0 | D:1      | Reached XP level 1. HP: 10/10 MP: 3/3
   432 | D:1      | Reached XP level 2. HP: 15/15 MP: 3/5
   464 | D:1      | Reached skill level 4 in Earth Magic
   815 | D:2      | Reached XP level 3. HP: 16/19 MP: 4/7
   820 | D:2      | Learned a level 3 spell: Stone Arrow
  1335 | D:2      | Found an iron altar of Okawaru.
  1335 | D:2      | Found a blossoming altar of Fedhas.
  1778 | D:2      | Reached skill level 1 in Conjurations
  1778 | D:2      | Reached XP level 4. HP: 16/24 MP: 8/8
  1795 | D:2      | Found a glowing golden altar of the Shining One.
  1940 | D:3      | Found a glowing golden altar of the Shining One.
  2237 | D:4      | Found a stormy altar of Qazlal.
  2316 | D:4      | Reached skill level 5 in Earth Magic
  2392 | D:3      | Reached XP level 5. HP: 19/28 MP: 3/9
  2666 | D:3      | Noticed a phantom
  2675 | D:3      | Killed a phantom
  2675 | D:3      | Reached XP level 6. HP: 28/32 MP: 0/11
  3332 | D:4      | Found Minuur's Armour Shoppe.
  3387 | D:4      | Found an ancient bone altar of Kikubaaqudgha.
  3500 | D:4      | Reached skill level 6 in Earth Magic
  3583 | D:4      | Found a snail-covered altar of Cheibriados.
  3813 | D:5      | Entered Level 5 of the Dungeon
  3819 | D:5      | Reached XP level 7. HP: 13/36 MP: 4/13
  4319 | D:5      | Reached skill level 7 in Earth Magic
  4417 | D:5      | Reached skill level 5 in Spellcasting
  4438 | D:5      | Learned a level 5 spell: Lee's Rapid Deconstruction
  4504 | D:6      | Reached skill level 1 in Fighting
  4542 | D:5      | Found a radiant altar of Vehumet.
  4548 | D:5      | Became a worshipper of Vehumet
  4556 | D:5      | Reached XP level 8. HP: 43/43 MP: 3/15
  4749 | D:5      | Found a staircase to the Ecumenical Temple.
  4758 | Temple   | Entered the Ecumenical Temple
  5196 | D:5      | Found an opulent altar of Gozag.
  5585 | D:6      | Noticed Edmund
  5593 | D:6      | Killed Edmund
  5593 | D:6      | Reached skill level 8 in Earth Magic
  5753 | D:6      | Found a runed translucent door.
  5754 | D:6      | Noticed Crazy Yiuf
  5759 | D:6      | Killed Crazy Yiuf
  5826 | D:6      | Found a shattered altar of Ashenzari.
  5869 | D:6      | Noticed Prince Ribbit
  5873 | D:6      | Killed Prince Ribbit
  6005 | D:6      | Reached XP level 9. HP: 52/52 MP: 13/18
  6097 | D:6      | Reached * piety under Vehumet
  6097 | D:6      | Offered knowledge of Magic Dart by Vehumet.
  6283 | D:7      | Reached skill level 9 in Earth Magic
  6290 | D:7      | Found a runed translucent gate.
  6290 | D:7      | Found a runed translucent gate.
  6290 | D:7      | Found a runed translucent gate.
  6291 | D:7      | Noticed Southernist's ghost (novice HuMo)
  6291 | D:7      | Noticed a kobold demonologist
  6614 | D:7      | Reached skill level 5 in Fighting
  6614 | D:7      | Reached skill level 5 in Conjurations
  7270 | D:8      | Noticed Grum
  7274 | D:8      | Killed Grum
  7433 | D:8      | Found a runed translucent gate.
  7434 | D:8      | Found a runed translucent gate.
  7434 | D:8      | Found a runed translucent gate.
  7434 | D:8      | Noticed Bronimir's ghost (novice DEFE)
  7449 | D:8      | Noticed a two-headed ogre
  7450 | D:8      | Noticed a hornet
  7454 | D:8      | Killed a hornet
  7455 | D:8      | Killed a two-headed ogre
  7455 | D:8      | Reached skill level 10 in Earth Magic
  7455 | D:8      | Reached XP level 10. HP: 16/60 MP: 2/21
  7814 | D:8      | Reached skill level 1 in Maces & Flails
  7814 | D:8      | Reached skill level 1 in Evocations
  7888 | D:8      | Offered knowledge of Throw Frost by Vehumet.
  7909 | D:8      | Reached ** piety under Vehumet
  8301 | D:8      | Found a basalt altar of Yredelemnul.
  8463 | D:9      | Found a shadowy altar of Dithmenos.
  8699 | D:9      | Found Qiehyukk's Distillery.
  8702 | D:9      | Bought a potion of haste for 160 gold pieces
  8702 | D:9      | Bought a potion of invisibility for 128 gold pieces
  8872 | D:9      | Found a hazy altar of Hepliaklqana.
  9096 | D:9      | Found a glowing silver altar of Zin.
  9460 | D:10     | Entered Level 10 of the Dungeon
  9460 | D:10     | Noticed a gargoyle
  9471 | D:9      | Killed a gargoyle
  9541 | D:10     | Reached skill level 11 in Earth Magic
  9718 | D:10     | Found a staircase to the Lair.
  9765 | D:10     | Noticed a two-headed ogre
  9773 | D:10     | Killed a two-headed ogre
  9773 | D:10     | Reached XP level 11. HP: 33/64 MP: 13/23
 10000 | D:10     | Offered knowledge of Throw Flame by Vehumet.
 10004 | D:10     | Learned a level 2 spell: Throw Flame
 10436 | D:10     | Reached *** piety under Vehumet
 10657 | D:10     | Offered knowledge of Throw Icicle by Vehumet.
 10657 | D:10     | Reached skill level 12 in Earth Magic
 11385 | Lair:1   | Entered Level 1 of the Lair of Beasts
 11392 | Lair:1   | Found a large runed translucent door.
 11393 | Lair:1   | Found a large runed translucent door.
 11396 | Lair:1   | Noticed Bronimir's ghost (journeyman GnSk)
 11516 | Lair:1   | Reached skill level 1 in Fire Magic
 12356 | Lair:2   | Noticed a queen ant
 12371 | Lair:2   | Noticed a four-headed hydra
 12377 | Lair:2   | Killed a four-headed hydra
 12377 | Lair:2   | Reached skill level 10 in Spellcasting
 12378 | Lair:2   | Killed a queen ant
 12378 | Lair:2   | Reached XP level 12. HP: 62/70 MP: 3/26
 12382 | Lair:2   | Reached skill level 13 in Earth Magic
 12411 | Lair:2   | Reached **** piety under Vehumet
 12494 | Lair:2   | Noticed Erica
 12690 | Lair:2   | Offered knowledge of Fireball by Vehumet.
 12697 | Lair:2   | Learned a level 5 spell: Fireball
 12750 | Lair:1   | Killed Erica
 12935 | Lair:2   | Reached skill level 5 in Fire Magic
 12984 | Lair:2   | Found a hole to the Spider Nest.
 13018 | Lair:2   | Noticed Fannar
 13554 | Lair:2   | Killed Fannar
 14071 | Lair:3   | Reached skill level 14 in Earth Magic
 14133 | Lair:3   | HP: 3/70 [blink frog (13)]
 14137 | Lair:3   | Noticed an eight-headed hydra
 14479 | Lair:3   | Killed an eight-headed hydra
 14623 | Lair:3   | Noticed a seven-headed hydra
 14633 | Lair:3   | Killed a seven-headed hydra
 14750 | Lair:3   | Found a staircase to the Swamp.
 15037 | Lair:3   | Found a blossoming altar of Fedhas.
 15294 | Lair:4   | Reached XP level 13. HP: 71/75 MP: 22/28
 15462 | Lair:4   | Reached ***** piety under Vehumet
 15569 | Lair:4   | Offered knowledge of Olgreb's Toxic Radiance by Vehumet.
 16226 | Lair:5   | Noticed Josephine
 16234 | Lair:5   | Killed from afar by Josephine

Levels and vault maps discovered:
D:1:      saegor_arrival_fortress, layout_basic
D:2:      layout_basic, marbit_many_paths, gammafunk_temple_overflow_statue,
          first_ration, minmay_pentomino_z4
D:3:      layout_loops_corners, mrwooster_statue_mirror, tso_metal_star
D:4:      layout_cave_pools, lemuel_zombie_altar_kikubaaqudgha,
          kennysheep_mini_moat, nicolae_qazlal_eye_of_the_storm, serial_shops,
          shop_statue, chequers_serial_rivers_micro_a
D:5:      layout_loops_ring, grunt_gozag_statues, kennysheep_mini, temple_hall
D:6:      layout_basic, old_standard_altar, kennysheep_cluttered_room,
          uniq_crazy_yiuf_cottage, uniq_edmund, uniq_prince_ribbit1
D:7:      layout_cave_pools, gammafunk_ghost_nasty_kobolds, grunt_ogre_cave
D:8:      layout_loops_ring, lemuel_crystal_altar, ebering_ghost_rock_garden,
          hex_large, kennysheep_generic_room_9, uniq_grum
D:9:      layout_layer_cave, grunt_dithmenos_smoke_and_mirrors,
          lemuel_crystal_altar, nicolae_overflow_crystal_walls, serial_shops,
          nicolae_shop_behind_doors
D:10:     layout_irregular_city, dpeg_oklobed_lair
D:11:     layout_loops_ring
Temple:   compressed_dpeg_triangle_lava_temple
Lair:1:   layout_cave_shapes, ebering_ghost_disaster_area
Lair:2:   layout_gridlike, nicolae_spider_entry_orb_guardian,
          minmay_another_anthill, uniq_erica, uniq_fannar
Lair:3:   layout_regular_city, palyth_hydra_swamp_entry,
          chequers_serial_rivers_large_b, tgw_fedhas,
          infiniplex_staircase_pool_2, minmay_lair_oklob_chamber
Lair:4:   layout_regular_city, infiniplex_staircase_pool
Lair:5:   minmay_lair_oklob_tunnel, layout_gridlike, slime_dummy,
          lemuel_fruit_fields, lemuel_fruit_tree, uniq_josephine

Skill      XL: |  1  2  3  4  5  6  7  8  9 10 11 12 13 |
---------------+----------------------------------------+-----
Earth Magic    | 4 5 6 7 8 10 11 12 14 | 14.8
Conjurations   | 1 2 3 4 6 |  6.7
Spellcasting   | 3 4 5 6 7 8 10 11 | 11.7
Fighting       | 1 4 6 7 |  7.2
Maces & Flails | 3 4 |  4.4
Evocations     | 3 4 |  4.0
Fire Magic     | 3 6 |  6.0
Dodging        | |  1.5
Stealth        | |  2.1
Transmutations | |  0.7

Action                   |  1- 3 |  4- 6 |  7- 9 | 10-12 | 13-15 || total
-------------------------+-------+-------+-------+-------+-------++-------
Melee: Unarmed           |     6 |       |       |       |       ||     6
       Club              |    60 |     7 |       |       |       ||    67
       Morningstar       |       |    67 |    78 |       |       ||   145
       Flail             |       |       |    64 |   231 |    35 ||   330
 Cast: Sandblast         |    37 |    37 |    51 |    74 |     7 ||   206
       Stone Arrow       |     1 |    12 |    56 |   190 |    33 ||   292
       Lee's Rapid Decon |       |       |     2 |    15 |     2 ||    19
       Fireball          |       |       |       |     4 |     1 ||     5
       Throw Flame       |       |       |       |     3 |       ||     3
  Use: Scroll            |       |       |       |    14 |       ||    14
 Stab: Sleeping          |     2 |     1 |     1 |     2 |       ||     6
       Distracted        |       |       |     1 |       |       ||     1
  Eat: Chunk             |     3 |     8 |    14 |    22 |     4 ||    51
       Ration            |       |       |       |     2 |       ||     2
Armor: Robe              |    33 |    79 |   104 |   145 |    19 ||   380
Dodge: Dodged            |    76 |   121 |   153 |   207 |    34 ||   591
Block: Other             |       |       |       |    25 |     5 ||    30
